AoeStats
← BLAZE12

Arabia

509323050Analyzed
1v1 RM · 4d ago on Sep 26, 2026· 53m 46s· 2 players
Game mode
Random Map
Map size
Tiny (2 player)
Population
200
Speed
Normal
Resources
Standard
Victory
Conquest
Starting age
Dark Age
Ending age
Imperial Age
RankedLock teamsTeams togetherTeam positionsShared explorationLock speedFull tech treeHidden civsTurbo modeCheats
Victory
Defeat
🇺🇦 Khmer · Ukraine
998
+17
🇨🇭 Chinese · Switzerland
1010
-17
BLAZE12
10:31 Feudal Age
11:10 Double-Bit Axe
11:48 Loom
13:31 Horse Collar
19:29 Castle Age
20:36 Bow Saw
23:50 Heavy Plow
24:27 Gold Mining
26:39 Bloodlines
26:30 Light Cavalry
29:35 Scale Barding Armor
36:49 Elite Skirmisher
39:27 Ballistics
39:45 Forging
45:10 Fletching
45:40 Chain Barding Armor
45:21 Padded Archer Armor
47:41 Gold Shaft Mining
52:48 Imperial Age
Caesar_2
0:27 Loom
10:32 Feudal Age
12:14 Double-Bit Axe
12:52 Horse Collar
15:41 Fletching
21:44 Castle Age
21:46 Padded Archer Armor
21:55 Scale Mail Armor
22:21 Crossbowman
22:59 Bodkin Arrow
23:16 Thumb Ring
24:25 Wheelbarrow
24:34 Leather Archer Armor
25:56 Forging
26:53 Bow Saw
33:57 Gold Mining
Connection lost

Rejoining the realm…

Still unreachable

The connection could not be restored.

Session expired

The server has moved on; the page needs a fresh start.